[ AOE2 MATCH · #495727814 ]
UnrankedMongols vs Japanese
Player's team · WIN
Rival team · LOSS
[ REPLAY ANALYSIS · EXTRACTED FROM THE RECORDED GAME ]
Feudal
8:25
Castle
18:49
Imperial
—
| APM avg | 60.1 |
| APM peak | 87 |
| eAPM avg | 18.9 |
| Villagers / military | 43 / 33 |
Focus
⚔️ 35.7% · 🌾 64.3%
Skirmisher ×27 · Mangonel ×3 · Archer ×2 · Spearman ×1
Feudal
8:55
Castle
19:21
Imperial
—
| APM avg | 62.5 |
| APM peak | 115 |
| eAPM avg | 22.5 |
| Villagers / military | 51 / 28 |
Focus
⚔️ 26.2% · 🌾 73.8%
Cavalry Archer ×15 · Skirmisher ×9 · Militia ×3 · Mangonel ×1
Match map
Initial resources + every placement click. Lines = walls · curves = elevation contours. ◆ gold · ⬟ stone · ● berries · ✦ relic · ◌ wall gap
Your base· ✓ Closed at 18:49 · 38t walls · 1 gate(s)
squashy5000's base· ✓ Closed at 19:21 · 21t walls · 1 gate(s)
Smoothed initial terrain · ◌ = detected wall gap · hover for details
Inputs per minute
— KSV - - squashy5000
Build order — KSV
143 actions detected in the replay
| 0:00 | Create | Villager (Male) |
| 0:01 | Create | Villager (Male) |
| 0:01 | Create | Villager (Male) |
| 0:01 | Create | Villager (Male) |
| 0:02 | Build | House |
| 0:03 | Build | House |
| 1:21 | Build | Mill |
| 1:32 | Create | Villager (Male) |
| 2:00 | Create | Villager (Male) |
| 2:24 | Create | Villager (Male) |
| 2:32 | Create | Villager (Male) |
| 2:42 | Build | House |
| 3:13 | Create | Villager (Male) |
| 3:13 | Create | Villager (Male) |
| 3:43 | Create | Villager (Male) |
| 3:59 | Create | Villager (Male) |
| 4:06 | Create | Villager (Male) |
| 4:29 | Create | Villager (Male) |
| 4:59 | Create | Villager (Male) |
| 5:02 | Build | Lumber Camp |
| 5:22 | Create | Villager (Male) |
| 6:01 | Research | Loom |
| 6:13 | Research | Feudal Age |
| 7:37 | Build | Barracks |
| 7:50 | Build | Palisade Wall |
| 7:51 | Build | Palisade Wall |
| 7:52 | Build | Palisade Wall |
| 8:03 | Build | House |
| 8:22 | Research | Loom |
| 8:25 | Age | Feudal Age |
| 8:35 | Build | Archery Range |
| 8:39 | Research | Double-Bit Axe |
| 8:43 | Create | Villager (Male) |
| 9:03 | Create | Villager (Male) |
| 9:07 | Create | Spearman |
| 9:12 | Build | Palisade Gate |
| 9:23 | Create | Archer |
| 9:27 | Create | Villager (Male) |
| 9:32 | Create | Skirmisher |
| 9:47 | Build | House |
| 9:50 | Build | House |
| 9:54 | Create | Skirmisher |
| 9:58 | Research | Horse Collar |
| 9:59 | Create | Villager (Male) |
| 10:21 | Create | Villager (Male) |
| 10:31 | Create | Villager (Male) |
| 10:33 | Build | Farm |
| 10:35 | Build | Farm |
| 10:36 | Build | Farm |
| 10:57 | Build | Mill |
| 11:04 | Build | Farm |
| 11:11 | Create | Archer |
| 11:12 | Create | Villager (Male) |
| 11:30 | Build | Farm |
| 11:36 | Create | Villager (Male) |
| 11:49 | Build | House |
| 11:54 | Build | Farm |
| 12:04 | Create | Villager (Male) |
| 12:08 | Build | Palisade Wall |
| 12:11 | Build | House |
| 12:13 | Build | House |
| 12:25 | Build | Farm |
| 12:27 | Build | Farm |
| 12:36 | Create | Villager (Male) |
| 12:38 | Build | Farm |
| 12:41 | Create | Villager (Male) |
| 12:49 | Build | Farm |
| 13:04 | Create | Villager (Male) |
| 13:10 | Build | Farm |
| 13:15 | Build | Farm |
| 13:23 | Build | Farm |
| 13:35 | Build | Farm |
| 13:41 | Create | Villager (Male) |
| 13:55 | Create | Villager (Male) |
| 14:20 | Build | Mining Camp |
| 14:39 | Create | Villager (Male) |
| 14:46 | Build | Blacksmith |
| 14:59 | Create | Villager (Male) |
| 15:31 | Create | Villager (Male) |
| 15:36 | Build | House |
| 15:50 | Build | Archery Range |
| 16:09 | Research | Castle Age |
| 16:39 | Create | Skirmisher |
| 16:39 | Create | Skirmisher |
| 16:40 | Create | Skirmisher |
| 16:43 | Create | Skirmisher |
| 16:44 | Create | Skirmisher |
| 16:44 | Create | Skirmisher |
| 17:02 | Research | Fletching |
| 17:07 | Create | Skirmisher |
| 17:22 | Build | House |
| 17:23 | Build | House |
| 17:24 | Build | House |
| 17:35 | Create | Skirmisher |
| 17:37 | Create | Skirmisher |
| 17:40 | Create | Skirmisher |
| 17:55 | Research | Padded Archer Armor |
| 18:01 | Create | Skirmisher |
| 18:17 | Create | Skirmisher |
| 18:42 | Create | Villager (Male) |
| 18:49 | Age | Castle Age |
| 18:51 | Build | Siege Workshop |
| 18:54 | Build | Palisade Wall |
| 18:55 | Build | Palisade Wall |
| 18:56 | Build | Palisade Wall |
| 18:58 | Research | Bodkin Arrow |
| 19:01 | Research | Bow Saw |
| 19:07 | Create | Villager (Male) |
| 19:20 | Research | Elite Skirmisher (upgrade) |
| 19:40 | Create | Villager (Male) |
| 20:00 | Create | Mangonel |
| 20:06 | Build | House |
| 20:08 | Research | Town Watch |
| 20:23 | Create | Villager (Male) |
| 20:41 | Research | Wheelbarrow |
| 20:42 | Create | Skirmisher |
| 20:42 | Create | Skirmisher |
| 21:22 | Create | Villager (Male) |
| 21:24 | Build | House |
| 21:25 | Create | Mangonel |
| 21:27 | Create | Skirmisher |
| 21:27 | Create | Skirmisher |
| 21:49 | Create | Villager (Male) |
| 21:53 | Build | Farm |
| 21:53 | Build | Farm |
| 21:54 | Build | Farm |
| 21:54 | Build | Farm |
| 22:05 | Create | Skirmisher |
| 22:05 | Create | Skirmisher |
| 22:07 | Research | Leather Archer Armor |
| 22:25 | Create | Villager (Male) |
| 22:37 | Create | Skirmisher |
| 22:37 | Create | Skirmisher |
| 22:37 | Create | Skirmisher |
| 23:14 | Create | Skirmisher |
| 23:16 | Create | Villager (Male) |
| 23:18 | Build | House |
| 23:19 | Create | Mangonel |
| 23:41 | Create | Villager (Male) |
| 23:42 | Create | Skirmisher |
| 23:42 | Create | Skirmisher |
| 23:57 | Create | Villager (Male) |
| 23:59 | Create | Skirmisher |
Build order — squashy5000
149 actions detected in the replay
| 0:00 | Create | Villager (Male) |
| 0:02 | Build | House |
| 0:03 | Build | House |
| 0:03 | Create | Villager (Male) |
| 0:23 | Create | Villager (Male) |
| 0:23 | Create | Villager (Male) |
| 1:27 | Create | Villager (Male) |
| 1:51 | Build | Lumber Camp |
| 1:58 | Create | Villager (Male) |
| 1:59 | Create | Villager (Male) |
| 2:14 | Create | Villager (Male) |
| 2:15 | Create | Villager (Male) |
| 2:46 | Create | Villager (Male) |
| 3:14 | Create | Villager (Male) |
| 3:42 | Create | Villager (Male) |
| 3:51 | Build | House |
| 4:03 | Create | Villager (Male) |
| 4:17 | Build | Mill |
| 4:26 | Create | Villager (Male) |
| 4:55 | Create | Villager (Male) |
| 5:09 | Build | Barracks |
| 5:15 | Create | Villager (Male) |
| 5:34 | Build | House |
| 5:48 | Create | Villager (Male) |
| 6:05 | Research | Loom |
| 6:45 | Research | Feudal Age |
| 6:51 | Build | Lumber Camp |
| 7:18 | Create | Militia |
| 7:41 | Create | Militia |
| 7:48 | Build | Mining Camp |
| 8:02 | Create | Villager (Male) |
| 8:16 | Build | House |
| 8:33 | Create | Militia |
| 8:37 | Build | Mill |
| 8:42 | Build | Palisade Wall |
| 8:43 | Build | Palisade Wall |
| 8:55 | Age | Feudal Age |
| 8:58 | Build | Mill |
| 9:03 | Create | Villager (Male) |
| 9:12 | Build | Archery Range |
| 9:17 | Build | Palisade Wall |
| 9:34 | Build | Palisade Gate |
| 9:37 | Build | Palisade Wall |
| 9:40 | Create | Villager (Male) |
| 10:09 | Build | House |
| 10:14 | Create | Villager (Male) |
| 10:25 | Create | Skirmisher |
| 10:28 | Build | Palisade Wall |
| 10:28 | Build | Palisade Wall |
| 10:45 | Create | Villager (Male) |
| 10:54 | Build | Palisade Wall |
| 10:55 | Create | Skirmisher |
| 11:07 | Create | Villager (Male) |
| 11:14 | Build | Farm |
| 11:15 | Build | Farm |
| 11:32 | Create | Villager (Male) |
| 11:33 | Build | Farm |
| 11:51 | Research | Double-Bit Axe |
| 12:05 | Create | Villager (Male) |
| 12:07 | Build | Farm |
| 12:11 | Build | Farm |
| 12:26 | Create | Villager (Male) |
| 12:36 | Build | Farm |
| 12:38 | Create | Villager (Male) |
| 12:56 | Build | Farm |
| 13:06 | Build | Farm |
| 13:08 | Create | Villager (Male) |
| 13:20 | Build | Farm |
| 13:21 | Create | Villager (Male) |
| 13:32 | Create | Villager (Male) |
| 13:37 | Build | House |
| 13:46 | Create | Villager (Male) |
| 13:56 | Build | Farm |
| 13:57 | Build | Farm |
| 14:10 | Research | Horse Collar |
| 14:11 | Research | Horse Collar |
| 14:30 | Create | Villager (Male) |
| 14:41 | Build | Farm |
| 14:57 | Create | Villager (Male) |
| 15:03 | Build | Farm |
| 15:19 | Create | Villager (Male) |
| 15:50 | Create | Villager (Male) |
| 16:16 | Build | Blacksmith |
| 16:16 | Create | Villager (Male) |
| 16:36 | Research | Castle Age |
| 16:38 | Research | Fletching |
| 16:42 | Build | Archery Range |
| 17:10 | Create | Skirmisher |
| 17:10 | Create | Skirmisher |
| 17:21 | Build | House |
| 17:27 | Build | House |
| 17:29 | Research | Gold Mining |
| 17:39 | Research | Padded Archer Armor |
| 18:04 | Build | Archery Range |
| 18:18 | Build | House |
| 18:22 | Create | Skirmisher |
| 18:46 | Build | Mining Camp |
| 18:54 | Create | Skirmisher |
| 18:54 | Create | Skirmisher |
| 18:54 | Create | Skirmisher |
| 19:05 | Create | Villager (Male) |
| 19:21 | Age | Castle Age |
| 19:22 | Research | Bodkin Arrow |
| 19:23 | Research | Elite Skirmisher (upgrade) |
| 19:28 | Research | Bow Saw |
| 19:35 | Research | Wheelbarrow |
| 19:43 | Create | Villager (Male) |
| 19:51 | Create | Skirmisher |
| 20:06 | Create | Villager (Male) |
| 20:18 | Create | Villager (Male) |
| 20:19 | Create | Cavalry Archer |
| 20:20 | Create | Cavalry Archer |
| 20:20 | Create | Cavalry Archer |
| 20:27 | Build | Stable |
| 20:37 | Create | Villager (Male) |
| 20:39 | Create | Cavalry Archer |
| 20:39 | Create | Cavalry Archer |
| 20:53 | Create | Villager (Male) |
| 20:55 | Research | Leather Archer Armor |
| 21:16 | Create | Cavalry Archer |
| 21:16 | Create | Cavalry Archer |
| 21:16 | Create | Cavalry Archer |
| 21:32 | Build | Market |
| 21:39 | Create | Villager (Male) |
| 21:47 | Create | Cavalry Archer |
| 21:48 | Create | Cavalry Archer |
| 21:49 | Create | Villager (Male) |
| 21:59 | Build | Farm |
| 22:00 | Build | Farm |
| 22:02 | Build | House |
| 22:12 | Create | Villager (Male) |
| 22:19 | Build | Lumber Camp |
| 22:30 | Create | Villager (Male) |
| 22:42 | Create | Cavalry Archer |
| 22:42 | Create | Cavalry Archer |
| 22:47 | Research | Bloodlines |
| 22:59 | Create | Villager (Male) |
| 23:01 | Create | Cavalry Archer |
| 23:01 | Create | Cavalry Archer |
| 23:04 | Build | House |
| 23:06 | Build | House |
| 23:18 | Create | Villager (Male) |
| 23:20 | Create | Cavalry Archer |
| 23:47 | Create | Villager (Male) |
| 23:49 | Build | Siege Workshop |
| 23:52 | Create | Villager (Male) |
| 24:00 | Create | Villager (Male) |
| 24:04 | Build | Farm |
| 24:21 | Create | Mangonel |
Match timeline
| 5:09 | squashy5000 · first_building Barracks |
| 7:37 | KSV · first_building Barracks |
| 7:50 | KSV · wall_segment Palisade Wall x8 |
| 7:51 | KSV · wall_segment Palisade Wall x7 |
| 7:52 | KSV · wall_segment Palisade Wall x8 |
| 8:25 | KSV · age_up feudal |
| 8:35 | KSV · first_building Archery Range |
| 8:42 | squashy5000 · wall_segment Palisade Wall x5 |
| 8:43 | squashy5000 · wall_segment Palisade Wall x3 |
| 8:55 | squashy5000 · age_up feudal |
| 9:12 | squashy5000 · first_building Archery Range |
| 9:17 | squashy5000 · wall_segment Palisade Wall x1 |
| 9:37 | squashy5000 · wall_segment Palisade Wall x9 |
| 10:28 | squashy5000 · wall_segment Palisade Wall x1 |
| 10:28 | squashy5000 · wall_segment Palisade Wall x1 |
| 10:54 | squashy5000 · wall_segment Palisade Wall x1 |
| 12:08 | KSV · wall_segment Palisade Wall x15 |
| 18:49 | KSV · age_up castle |
| 18:51 | KSV · first_building Siege Workshop |
| 18:54 | KSV · wall_segment Palisade Wall x1 |
| 18:55 | KSV · wall_segment Palisade Wall x1 |
| 18:56 | KSV · wall_segment Palisade Wall x1 |
| 19:21 | squashy5000 · age_up castle |
| 20:27 | squashy5000 · first_building Stable |
| 23:49 | squashy5000 · first_building Siege Workshop |
| 24:27 | squashy5000 · resign |
[ AI ANALYSIS · 1 CREDIT ]
What really happened in this match?
Wolo.gg analyzes every decision: build order, eco, micro, common mistakes by bracket. Personalized analysis on WhatsApp or Discord in 30 seconds.
Civ guide
Mongols
Perfil
Jugador #20557174